TOP OF THE 1ST |
Broken Arrow HS batting - Pitching for Coweta HS Tigers : LHP Mark Schlosser
|
Pitching: LHP Mark Schlosser
|
|
Batting: RHB Ramón Santos
|
0-0: Ball 1-0: Called Strike 1-1: Called Strike 1-2: Strikes out swinging
|
Batting: RHB Donnie Bryan
|
0-0: Swinging Strike 0-1: Foul Ball, location: 2F 0-2: Ball 1-2: Ground out 6-3 (Groundball, 6)
|
Batting: LHB Brian Lawson
|
0-0: Called Strike 0-1: Ball 1-1: Ball 2-1: Fly out, F8 (Flyball, 8LS)
|
Top of the 1st over - 0 run(s), 0 hit(s), 0 error(s), 0 left on base; Broken Arrow HS 0 - Coweta HS 0 |
BOTTOM OF THE 1ST |
Coweta HS Tigers batting - Pitching for Broken Arrow HS : RHP Bill Murphy
|
Pitching: RHP Bill Murphy
|
|
Batting: LHB Jamie Walker
|
0-0: Called Strike 0-1: Ball 1-1: Foul Ball, location: 2F 1-2: Foul Ball, location: 2F 1-2: Foul Ball, location: 2F 1-2: Ball 2-2: Ball 3-2: Fly out, F7 (Flyball, 7)
|
Batting: RHB José Avilés
|
0-0: Ball 1-0: Ball 2-0: Ball 3-0: Called Strike 3-1: Foul Ball, location: 2F 3-2: Base on Balls
|
Batting: RHB Javier Escalante
|
0-0: Foul Ball, location: 2F 0-1: Ball 1-1: Foul Ball, location: 2F 1-2: Strikes out swinging
|
Batting: LHB Vito Ramírez
|
0-0: Foul Ball, location: 2F 0-1: Ball 1-1: Ball 2-1: Fly out, F7 (Flyball, 7)
|
Bottom of the 1st over - 0 run(s), 0 hit(s), 0 error(s), 1 left on base; Broken Arrow HS 0 - Coweta HS 0 |
TOP OF THE 2ND |
Broken Arrow HS batting - Pitching for Coweta HS Tigers : LHP Mark Schlosser
|
Batting: RHB Bo Long
|
0-0: Ball 1-0: Called Strike 1-1: Ground out 1-3 (Groundball, 13S)
|
Batting: RHB James Thompson
|
0-0: Foul Ball, location: 2F 0-1: Ball 1-1: Swinging Strike 1-2: Foul Ball, location: 2F 1-2: Strikes out swinging
|
Batting: LHB Jesús Zamora
|
0-0: Called Strike 0-1: Ball 1-1: Swinging Strike 1-2: DOUBLE (Line Drive, 89XD)
|
Batting: RHB Daniel Conner
|
0-0: Called Strike 0-1: Hit by Pitch
|
Batting: RHB David Adams
|
0-0: Foul Ball, location: 2F 0-1: Foul Ball, location: 2F 0-2: Fly out, F9 (Flyball, 9S)
|
Top of the 2nd over - 0 run(s), 1 hit(s), 0 error(s), 2 left on base; Broken Arrow HS 0 - Coweta HS 0 |
BOTTOM OF THE 2ND |
Coweta HS Tigers batting - Pitching for Broken Arrow HS : RHP Bill Murphy
|
Batting: RHB Dan Britt
|
0-0: Called Strike 0-1: Swinging Strike 0-2: Ball 1-2: Strikes out looking
|
Batting: RHB Garth O'Flahavan
|
0-0: Ball 1-0: Called Strike 1-1: Ball 2-1: Ball 3-1: Swinging Strike 3-2: Base on Balls
|
Batting: SHB Mike Bryant
|
0-0: Ball 1-0: Ground out 4-3 (Groundball, 4S) Garth O'Flahavan to second
|
Batting: LHB Joe Mobley
|
0-0: Ball 1-0: Swinging Strike 1-1: Called Strike 1-2: Ball 2-2: Strikes out swinging
|
Bottom of the 2nd over - 0 run(s), 0 hit(s), 0 error(s), 1 left on base; Broken Arrow HS 0 - Coweta HS 0 |
TOP OF THE 3RD |
Broken Arrow HS batting - Pitching for Coweta HS Tigers : LHP Mark Schlosser
|
Batting: RHB Chris Lancaster
|
0-0: Ball 1-0: Foul Ball, location: 2F 1-1: Swinging Strike 1-2: Strikes out looking
|
Batting: RHB Ramón Santos
|
0-0: Called Strike 0-1: Foul Ball, location: 2F 0-2: Strikes out swinging
|
Batting: RHB Donnie Bryan
|
0-0: Ball 1-0: Ball 2-0: Foul Ball, location: 2F 2-1: Ball 3-1: Ground out 6-3 (Groundball, 6D)
|
Top of the 3rd over - 0 run(s), 0 hit(s), 0 error(s), 0 left on base; Broken Arrow HS 0 - Coweta HS 0 |
BOTTOM OF THE 3RD |
Coweta HS Tigers batting - Pitching for Broken Arrow HS : RHP Bill Murphy
|
Batting: RHB Todd Slater
|
0-0: Called Strike 0-1: Foul Ball, location: 2F 0-2: Ball 1-2: Ball 2-2: Ball 3-2: Strikes out swinging
|
Batting: LHB Jamie Walker
|
0-0: Called Strike 0-1: SINGLE (Groundball, 6MD)
|
Batting: RHB José Avilés
|
0-0: Ball 1-0: Ball 2-0: Called Strike 2-1: Called Strike 2-2: Foul Ball, location: 2F 2-2: Foul Ball, location: 2F 2-2: Fly out, F8 (Flyball, 8RM)
|
Batting: RHB Javier Escalante
|
0-0: Called Strike 0-1: Ball Jamie Walker steals 2nd base 1-1: Called Strike 1-2: Ball 2-2: Ball 3-2: Strikes out looking
|
Bottom of the 3rd over - 0 run(s), 1 hit(s), 0 error(s), 1 left on base; Broken Arrow HS 0 - Coweta HS 0 |
TOP OF THE 4TH |
Broken Arrow HS batting - Pitching for Coweta HS Tigers : LHP Mark Schlosser
|
Batting: LHB Brian Lawson
|
0-0: Foul Ball, location: 2F 0-1: Foul Ball, location: 2F 0-2: Foul Ball, location: 2F 0-2: Ball 1-2: Strikes out swinging
|
Batting: RHB Bo Long
|
0-0: Ball 1-0: Foul Ball, location: 2F 1-1: Foul Ball, location: 2F 1-2: Ball 2-2: Foul Ball, location: 2F 2-2: Ground out 1-3 (Groundball, P)
|
Batting: RHB James Thompson
|
0-0: Called Strike 0-1: Ball 1-1: Ball 2-1: Ball 3-1: DOUBLE (Flyball, 78M)
|
Batting: LHB Jesús Zamora
|
0-0: Swinging Strike 0-1: Ball 1-1: Ball 2-1: Swinging Strike 2-2: Ball 3-2: Strikes out swinging
|
Top of the 4th over - 0 run(s), 1 hit(s), 0 error(s), 1 left on base; Broken Arrow HS 0 - Coweta HS 0 |
BOTTOM OF THE 4TH |
Coweta HS Tigers batting - Pitching for Broken Arrow HS : RHP Bill Murphy
|
Batting: LHB Vito Ramírez
|
Error on foul ball, E3 0-1: Ground out 4-3 (Groundball, 4)
|
Batting: RHB Dan Britt
|
0-0: Foul Ball, location: 2F 0-1: Ball 1-1: Called Strike 1-2: Ball 2-2: Strikes out swinging
|
Batting: RHB Garth O'Flahavan
|
0-0: Swinging Strike 0-1: Fly out, F9 (Flyball, 89M)
|
Bottom of the 4th over - 0 run(s), 0 hit(s), 1 error(s), 0 left on base; Broken Arrow HS 0 - Coweta HS 0 |
TOP OF THE 5TH |
Broken Arrow HS batting - Pitching for Coweta HS Tigers : LHP Mark Schlosser
|
Batting: RHB Daniel Conner
|
0-0: Ball 1-0: Ground out 6-3 (Groundball, 6)
|
Batting: RHB David Adams
|
0-0: Ball 1-0: SOLO HOME RUN (Flyball, 7D), Distance : 376 ft
|
Batting: RHB Chris Lancaster
|
0-0: Hit by Pitch
|
Batting: RHB Ramón Santos
|
0-0: Ball 1-0: Called Strike 1-1: Called Strike 1-2: Strikes out looking
|
Batting: RHB Donnie Bryan
|
0-0: Ball 1-0: Foul Ball, location: 2F 1-1: Foul Ball, location: 2F 1-2: Ground out 1-3 (Groundball, P)
|
Top of the 5th over - 1 run(s), 1 hit(s), 0 error(s), 1 left on base; Broken Arrow HS 1 - Coweta HS 0 |
BOTTOM OF THE 5TH |
Coweta HS Tigers batting - Pitching for Broken Arrow HS : RHP Bill Murphy
|
Batting: SHB Mike Bryant
|
0-0: Foul Ball, location: 2F 0-1: Single, Error in OF, E8, batter to second base
|
Batting: LHB Joe Mobley
|
0-0: Called Strike 0-1: Foul Ball, location: 2F 0-2: Ball 1-2: Ball 2-2: Strikes out looking
|
Batting: RHB Todd Slater
|
0-0: Ball 1-0: Swinging Strike 1-1: Called Strike 1-2: Ball 2-2: Strikes out swinging
|
Pitching: RHP Michael Crosby
|
|
Batting: LHB Jamie Walker
|
0-0: Ball 1-0: Called Strike 1-1: Foul Ball, location: 2F 1-2: Ground out 1-3 (Groundball, P)
|
Bottom of the 5th over - 0 run(s), 1 hit(s), 1 error(s), 1 left on base; Broken Arrow HS 1 - Coweta HS 0 |
TOP OF THE 6TH |
Broken Arrow HS batting - Pitching for Coweta HS Tigers : LHP Mark Schlosser
|
Batting: LHB Brian Lawson
|
0-0: Ball 1-0: Ground out 6-3 (Groundball, 6)
|
Batting: RHB Bo Long
|
0-0: Called Strike 0-1: Fly out, F5 (Popup, 56)
|
Batting: RHB James Thompson
|
0-0: Foul Ball, location: 2F 0-1: Foul Ball, location: 2F 0-2: Ball 1-2: Ball 2-2: Ground out 6-3 (Groundball, 6)
|
Top of the 6th over - 0 run(s), 0 hit(s), 0 error(s), 0 left on base; Broken Arrow HS 1 - Coweta HS 0 |
BOTTOM OF THE 6TH |
Coweta HS Tigers batting - Pitching for Broken Arrow HS : RHP Michael Crosby
|
Batting: RHB José Avilés
|
0-0: Called Strike 0-1: Ball 1-1: Ball 2-1: Ball 3-1: Base on Balls
|
Batting: RHB Javier Escalante
|
0-0: Called Strike 0-1: Foul Ball, location: 2F 0-2: SINGLE (Groundball, 56D) José Avilés to second
|
Batting: LHB Vito Ramírez
|
0-0: Called Strike 0-1: Ball 1-1: Fielders Choice at 2nd, 6-4 (Groundball, 6) José Avilés to third
|
Batting: RHB Dan Britt
|
0-0: Ball 1-0: Foul Ball, location: 2F 1-1: Foul Ball, location: 2F 1-2: Ball Vito Ramírez steals 2nd base 2-2: Ball 3-2: SINGLE (Groundball, 6MD) José Avilés scores Vito Ramírez to third Runner from 3rd tries for Home, SAFE, no throw
|
Pitching: LHP José Colón
|
|
Batting: RHB Garth O'Flahavan
|
0-0: Ball 1-0: Swinging Strike 1-1: Swinging Strike 1-2: Ball 2-2: Foul Ball, location: 2F 2-2: Foul Ball, location: 2F 2-2: Grounds into double play, 5-4-3 (Groundball, 56)
|
Bottom of the 6th over - 2 run(s), 2 hit(s), 0 error(s), 0 left on base; Broken Arrow HS 1 - Coweta HS 2 |
TOP OF THE 7TH |
Broken Arrow HS batting - Pitching for Coweta HS Tigers : LHP Mark Schlosser
|
Pitching: RHP Ralph Lee
|
|
Batting: LHB Jesús Zamora
|
0-0: Ball 1-0: Ball 2-0: Ball 3-0: Called Strike 3-1: Swinging Strike 3-2: Base on Balls
|
Batting: RHB Daniel Conner
|
0-0: Sac Bunt - play at first, batter OUT! 5-4 Jesús Zamora to second
|
Batting: RHB David Adams
|
0-0: Called Strike 0-1: Ground out 4-3 (Groundball, 4M) Jesús Zamora to third
|
Pinch Hitting: RHB Jon Bush
|
0-0: Ball 1-0: Ball 2-0: DOUBLE (Flyball, 7LM) Jesús Zamora scores
|
Batting: RHB Ramón Santos
|
0-0: Ball 1-0: Called Strike 1-1: Ball 2-1: Foul Ball, location: 2F 2-2: Ball 3-2: Base on Balls
|
Batting: RHB Donnie Bryan
|
0-0: Called Strike 0-1: Foul Ball, location: 2F 0-2: Ball 1-2: Foul Ball, location: 2F 1-2: Foul Ball, location: 2F 1-2: Fly out, F8 (Flyball, 8LM)
|
Top of the 7th over - 1 run(s), 1 hit(s), 0 error(s), 2 left on base; Broken Arrow HS 2 - Coweta HS 2 |
BOTTOM OF THE 7TH |
Coweta HS Tigers batting - Pitching for Broken Arrow HS : LHP José Colón
|
Now at 1B: R.J. Tucker
|
|
Batting: SHB Mike Bryant
|
0-0: Ball 1-0: Swinging Strike 1-1: Foul Ball, location: 2F 1-2: Strikes out swinging
|
Batting: LHB Joe Mobley
|
0-0: SINGLE (Groundball, 6MD)
|
Pinch Hitting: RHB Eddie Fisher
|
0-0: Foul Ball, location: 2F 0-1: Ball 1-1: Ball 2-1: SINGLE (Groundball, 56S) (infield hit) Joe Mobley to second
|
Batting: LHB Jamie Walker
|
0-0: Called Strike 0-1: Ball 1-1: DOUBLE (Flyball, 89XD) Joe Mobley scores Eddie Fisher to third
|
Batting: RHB José Avilés
|
0-0: Called Strike 0-1: Called Strike 0-2: Ball 1-2: Foul Ball, location: 2F 1-2: Ball 2-2: Ball 3-2: Foul Ball, location: 2F 3-2: Foul Ball, location: 2F 3-2: Foul Ball, location: 2F 3-2: Foul Ball, location: 2F 3-2: Single, Error in OF, E7, batter to second base Eddie Fisher scores Jamie Walker scores
|
Batting: RHB Javier Escalante
|
0-0: Intentional Walk
|
Pitching: RHP James Harmon
|
|
Batting: LHB Vito Ramírez
|
0-0: Ball 1-0: Ball 2-0: Foul Ball, location: 2F 2-1: Foul Ball, location: 2F 2-2: Strikes out swinging
|
Batting: RHB Dan Britt
|
0-0: Ball 1-0: Ball 2-0: Ball 3-0: Called Strike 3-1: Base on Balls José Avilés to third Javier Escalante to second
|
Batting: RHB Garth O'Flahavan
|
0-0: Fielders Choice at 2nd, 4-6 (Groundball, 4)
|
Bottom of the 7th over - 3 run(s), 4 hit(s), 1 error(s), 2 left on base; Broken Arrow HS 2 - Coweta HS 5 |
TOP OF THE 8TH |
Broken Arrow HS batting - Pitching for Coweta HS Tigers : RHP Ralph Lee
|
Now at SS: Arthur Salyers
|
|
Batting: LHB Brian Lawson
|
0-0: Ball 1-0: Ball 2-0: SINGLE (Groundball, 6MD)
|
Batting: RHB Bo Long
|
0-0: SINGLE (Groundball, 34) (infield hit) Brian Lawson to second
|
Batting: RHB James Thompson
|
0-0: Swinging Strike 0-1: Foul Ball, location: 2F 0-2: Ball 1-2: Strikes out swinging
|
Pitching: LHP Ronald Walden
|
|
Batting: LHB Jesús Zamora
|
0-0: Called Strike 0-1: Ball 1-1: Fly out, F4 (Popup, 4)
|
Pitching: RHP Jim Raynor
|
|
Batting: RHB Daniel Conner
|
0-0: SINGLE (Line Drive, 8LS) Brian Lawson to third Bo Long to second Runner from 3rd tries for Home, SAFE, no throw
|
Batting: RHB David Adams
|
0-0: Fly out, F8 (Flyball, 78D)
|
Top of the 8th over - 1 run(s), 3 hit(s), 0 error(s), 2 left on base; Broken Arrow HS 3 - Coweta HS 5 |
BOTTOM OF THE 8TH |
Coweta HS Tigers batting - Pitching for Broken Arrow HS : RHP James Harmon
|
Batting: SHB Mike Bryant
|
0-0: Ball 1-0: Foul Ball, location: 2F 1-1: Ball 2-1: Ball 3-1: Called Strike 3-2: Base on Balls
|
Batting: LHB Joe Mobley
|
0-0: Sac Bunt - play at first, batter OUT! 2-3 Mike Bryant to second
|
Batting: RHB Arthur Salyers
|
0-0: Ball 1-0: Ball 2-0: Fly out, F2 (Popup, 2R)
|
Batting: LHB Jamie Walker
|
0-0: Fly out, F7 (Flyball, 78D)
|
Bottom of the 8th over - 0 run(s), 0 hit(s), 0 error(s), 1 left on base; Broken Arrow HS 3 - Coweta HS 5 |
TOP OF THE 9TH |
Broken Arrow HS batting - Pitching for Coweta HS Tigers : RHP Jim Raynor
|
Pitching: LHP Bryan Hatfield
|
|
Batting: RHB R.J. Tucker
|
0-0: Ball 1-0: Fly out, F8 (Flyball, 8RM)
|
Batting: RHB Ramón Santos
|
0-0: Foul Ball, location: 2F 0-1: Ball 1-1: Ball 2-1: Called Strike 2-2: Ball 3-2: Base on Balls
|
Batting: RHB Donnie Bryan
|
0-0: Called Strike 0-1: Fly out, F6 (Line Drive, 6)
|
Batting: LHB Brian Lawson
|
0-0: Ball 1-0: Ball 2-0: Called Strike 2-1: Foul Ball, location: 2F 2-2: Ball 3-2: Strikes out swinging
|
Top of the 9th over - 0 run(s), 0 hit(s), 0 error(s), 1 left on base; Broken Arrow HS 3 - Coweta HS 5 |
|